 Dungeon Crawl Stone Soup version 0.28-a0-1594-ga885d4b3d6 (webtiles) character file.

Game seed: 12444842713284279084

226 gruber the Chiller (level 5, -4/35 HPs)
             Began as a Demonspawn Ice Elementalist on Jan 20, 2022.
             Slain by an orc priest (6 damage)
             ... on level 3 of the Dungeon.
             The game lasted 00:02:47 (2698 turns).

gruber the Chiller (Demonspawn Ice Elementalist)    Turns: 2698, Time: 00:02:47

Health: -4/35      AC:  3    Str:  8    XL:     5   Next: 69%
Magic:  8/10       EV: 12    Int: 18    God:
Gold:   104        SH:  0    Dex: 16    Spells: 10/11 levels left

rFire   . . .      SeeInvis +   h - +0 dagger
rCold   . . .      Faith    .   (no shield)
rNeg    . . .      Spirit   .   a - +0 robe
rPois   .          Reflect  .   l - +0 helmet
rElec   .          Harm     .   (no cloak)
rCorr   .          Rampage  .   (no gloves)
Will    .....                   (no boots)
Stlth   +++.......              (no amulet)
HPRegen 0.11/turn               o - ring of see invisible
MPRegen 0.12/turn               (no ring)

@: no status effects
A: claws 1, thin skeletal structure 1, ignite blood 1, demonic magic 1
a: no special abilities


You were on level 3 of the Dungeon.
You visited 1 branch of the dungeon, and saw 4 of its levels.

You collected 104 gold pieces.

Inventory:

Hand Weapons
 h - a +0 dagger (weapon)
Armour
 a - a +0 robe (worn)
 l - a +0 helmet (worn)
Magical Staves
 d - a staff of death
 s - a staff of poison
Jewellery
 o - a ring of see invisible (left claw)
Wands
 r - a wand of polymorph (8)
 t - a wand of paralysis (8)
Scrolls
 b - 3 scrolls of identify {unknown}
 c - 3 scrolls of enchant weapon {unknown}
 e - 2 scrolls of fear {unknown}
 g - a scroll of teleportation {unknown}
 n - a scroll of immolation {unknown}
 q - a scroll of fog {unknown}
Potions
 f - a potion of degeneration {unknown}
 i - a potion of flight {unknown}
 j - a potion of haste {unknown}
 k - a potion of curing {unknown}
 m - a potion of mutation {unknown}
 p - a potion of lignification {unknown}
 u - a potion of brilliance {unknown}


   Skills:
 - Level 0.4 Short Blades
 - Level 1.7 Dodging
 - Level 1.7 Stealth
 + Level 3.9 Spellcasting
 + Level 5.3 Ice Magic


You had 10 spell levels left.
You knew the following spells:

 Your Spells              Type           Power      Damage    Failure   Level
a - Freeze                Ice            88%        1d10      1%          1

Your spell library contained the following spells:

 Spells                   Type           Power      Damage    Failure   Level
 Frozen Ramparts          Ice            44%        1d6       4%          3
 Ozocubu's Armour         Ice            22%        N/A       4%          3
 Sandblast                Erth           6%         2d5       16%         1
 Sting                    Tmut/Pois      12%        1d3       16%         1
 Passwall                 Tmut/Erth      2%         N/A       22%         2
 Poisonous Vapours        Pois/Air       6%         N/A       22%         2
 Stone Arrow              Conj/Erth      6%         3d7       41%         3
 Hailstorm                Conj/Ice       13%        3d5       45%         4
 Olgreb's Toxic Radiance  Pois           3%         N/A       83%         4


Dungeon Overview and Level Annotations

Branches:
Dungeon (4/15)             Temple (0/1) D:4

Altars:


Innate Abilities, Weirdness & Mutations

You have sharp fingernails.
You have a somewhat thin skeletal structure. (Dex +2, Stealth+)
Your demonic aura sometimes causes spilled blood to erupt in flames.
Spells you cast may paralyse adjacent enemies.


Message History

You are confused.
The orc priest casts a cantrip, but nothing happens.
Unknown command.
Unknown command.
You're too confused to cast spells.
Unknown command.
You're too confused to cast spells.
Sorry, you're not good enough to have a special ability.
The orc wizard casts a spell at you. The magic dart hits you!
You closely miss the orc priest.
The orc priest is almost dead.
The orc is no longer paralysed.
You hit the orc priest.
The orc priest is almost dead.
The orc priest mumbles some strange prayers to Beogh against you.
Pain shoots through your body!
Unknown command.
Unknown command.
You bump into the rock wall.
The orc priest hits you with a +0 hand axe.
Unknown command.
Unknown command.
You barely miss the orc priest.
The orc priest is almost dead.
The orc priest hits you with a +0 hand axe.
* * * LOW HITPOINT WARNING * * *
Unknown command.
You bump into the rock wall.
The orc priest hits you with a +0 hand axe.
* * * LOW HITPOINT WARNING * * *
You bump into the rock wall.
The orc priest hits you with a +0 hand axe.
* * * LOW HITPOINT WARNING * * *
Unknown command.
Unknown command.
You bump into the rock wall.
You feel less confused.
The orc priest hits you with a +0 hand axe.
You die...

#............
#...###.#.###
........#.#.. #####
#######.#.##. #....
##.....#.... #....
#........... #....
####..##..#....
###...o####...^.##..#....
.$...ooo@.......##..#.###
......o####.##...........
....... #....#....#....
#...... ######....#.###
#..##.# ....#.# # .. ..
....# . # ### ### ##


You could see an orc priest, an orc wizard and 3 orcs.

Vanquished Creatures
  Sigmund (D:4)
  2 adders
  2 worms (D:2)
  An orc (D:4)
  An endoplasm (D:1)
  A giant cockroach (D:4)
  8 goblins
  10 hobgoblins
  2 jackals
  2 kobolds (D:1)
  2 quokkas
  3 ball pythons
  6 bats
  A frilled lizard (D:1)
  3 rats
45 creatures vanquished.

Vanquished Creatures (others)
  6 fungi (D:4)
  4 toadstools (D:4)
10 creatures vanquished.

Grand Total: 55 creatures vanquished

Notes
Turn   | Place    | Note
-------+----------+-------------------------------------------
     0 | D:1      | gruber the Demonspawn Ice Elementalist began the quest for
                  | the Orb.
     0 | D:1      | Reached XP level 1. HP: 13/13 MP: 3/3
   319 | D:1      | Reached skill level 4 in Ice Magic
   319 | D:1      | Gained mutation: Spells you cast may paralyse adjacent
                  | enemies. [demonic ancestry]
   319 | D:1      | Reached XP level 2. HP: 19/19 MP: 1/5
  1530 | D:2      | Gained mutation: Your demonic aura sometimes causes spilled
                  | blood to erupt in flames. [demonic ancestry]
  1530 | D:2      | Reached XP level 3. HP: 22/24 MP: 4/6
  2007 | D:2      | Found a faded altar of an unknown god.
  2009 | D:2      | You fall into a shaft and drop 2 floors!
  2075 | D:4      | Found a staircase to the Ecumenical Temple.
  2096 | D:4      | Noticed Sigmund
  2293 | D:4      | Killed Sigmund
  2294 | D:4      | Reached skill level 5 in Ice Magic
  2294 | D:4      | Gained mutation: You have sharp fingernails. [demonic
                  | ancestry]
  2294 | D:4      | Reached XP level 4. HP: 17/30 MP: 6/9
  2294 | D:4      | Gained mutation: You have a somewhat thin skeletal
                  | structure. (Dex +2, Stealth+) [demonic ancestry]
  2294 | D:4      | Reached XP level 5. HP: 19/35 MP: 6/10
  2698 | D:3      | Slain by an orc priest

Illustrated notes

Levels and vault maps discovered:
D:1:      ncdulo_halloftheorcs, layout_loops_corners, serial_forest,
          infiniplex_forest_clump_curved, infiniplex_forest_diagonal,
          infiniplex_forest_corner_1, infiniplex_forest_clump_double,
          infiniplex_forest_lined_3, infiniplex_forest_fountain,
          infiniplex_forest_lined_3_way
D:2:      layout_loops_ring, chequers_ecumenical_altar_twisty, feat_on_display
D:3:      layout_basic, serial_bayou_lagoon_a, grunt_ministairs_9,
          minmay_divided_ellipse
D:4:      layout_loops_corners, minmay_temple_entry_large_hall,
          minmay_gold_behind_fungi, minmay_quadrilaterals, uniq_duvessa,
          uniq_sigmund, uniq_edmund

Skill      XL: |  1  2  3 |
---------------+----------+-----
Ice Magic      | 4 5 |  5.3
Spellcasting   | 3 |  3.9
Short Blades   | |  0.4
Dodging        | |  1.7
Stealth        | |  1.7

Action                   |  1- 3 |  4- 6 || total
-------------------------+-------+-------++-------
Melee: Staff             |    12 |       ||    12
       Dagger            |    20 |    12 ||    32
       Punch             |       |     1 ||     1
 Cast: Freeze            |    44 |    10 ||    54
 Stab: Paralysed         |     7 |     2 ||     9
       Sleeping          |     2 |     1 ||     3
Armor: Robe              |    11 |     4 ||    15
Dodge: Dodged            |    37 |     4 ||    41

Table legend: (Time is in decaauts)
 A = Elapsed time spent in this place.
 B = Non-inter-level travel time spent in this place.
 C = Inter-level travel time spent in this place.
 D = Time resting spent in this place.
 E = Time spent auto-exploring this place.
 F = Levels seen in this place.
 G = Mean time per level.
                   A        B        C        D        E       F      G
               +--------+--------+--------+--------+--------+-----+--------+
         Total |   2699 |   2631 |     68 |      0 |   2242 |   4 |  674.8 |
       Dungeon |   2699 |   2631 |     68 |      0 |   2242 |   4 |  674.8 |
               +--------+--------+--------+--------+--------+-----+--------+

Top non-repeatable levels by time:
     D:1: 1166 daAuts
     D:2: 843 daAuts
     D:4: 599 daAuts
     D:3: 90 daAuts
